 Dungeon Crawl Stone Soup version 0.30.1 (webtiles) character file.

Game seed: 6760219360937727788

709 Destapler the Covered (level 7, -6/55 (61) HPs)
             Began as a Minotaur Fighter on July 7, 2023.
             Was a Priest of Elyvilon.
             Mangled by a wight
             ... wielding a +5 battleaxe of freezing
              (12 damage)
             ... in an ossuary.
             The game lasted 00:08:46 (3091 turns).

Destapler the Covered (Minotaur Fighter)            Turns: 3091, Time: 00:08:47

HP:   -6/55 (61)    AC:  7    Str: 23    XL:     7   Next: 40%
MP:   7/7           EV:  9    Int:  5    God:    Elyvilon [***...]
Gold: 337           SH:  6    Dex:  9    Spells: 6/6 levels left

rFire   . . .        v - +0 hand axe (elec)
rCold   + . .        c - +1 buckler
rNeg    . . .        b - +0 scale mail
rPois   .            (helmet restricted)
rElec   .            (no cloak)
rCorr   .            (no gloves)
SInv    .            (no boots)
Will    .....        (no amulet) Stlth
                     l - ring of protection from cold
HPRegen 0.29/turn    (no ring)
MPRegen 0.10/turn

%: no passive effects
@: mighty, drained
A: horns 2, retaliatory headbutt
a: Renounce Religion, Purification, Heal Other, Heal Self


You were in an ossuary.
You worshipped Elyvilon.
Elyvilon was most pleased with you.
You visited 1 branch of the dungeon, and saw 5 of its levels.
You also visited: Ossuary.

You collected 337 gold pieces.

Inventory:

Hand Weapons
 a - a +0 war axe
 f - a +3 whip of freezing
 v - a +0 hand axe of electrocution (weapon)
Armour
 b - a +0 scale mail (worn)
 c - a +1 buckler (worn)
Jewellery
 l - a ring of protection from cold (left hand)
Wands
 o - a wand of paralysis (4)
 y - a wand of flame (13)
Scrolls
 e - 2 scrolls of teleportation
 h - 8 scrolls of identify
 i - 2 scrolls of enchant armour
 m - 2 scrolls of noise
 p - a scroll of vulnerability {unknown}
 s - a scroll of amnesia {unknown}
 t - a scroll of poison {unknown}
 u - a scroll of torment {unknown}
 z - a scroll of fear {unknown}
Potions
 d - a potion of might
 g - 4 potions of heal wounds
 j - a potion of cancellation {unknown}
 k - 3 potions of curing {unknown}
 n - a potion of brilliance {unknown}
 q - 2 potions of magic {unknown}
 r - a potion of lignification {unknown}
 w - 3 potions of degeneration {unknown}
 x - 2 potions of attraction {unknown}
 A - a potion of mutation {unknown}


   Skills:
 + Level 5.4 Fighting
 + Level 3.4(4.2) Axes
 + Level 3.4(4.2) Maces & Flails
 + Level 5.5 Armour
 + Level 5.4 Shields
 + Level 2.5 Invocations
 + Level 2.3 Evocations


You had 6 spell levels left.
You didn't know any spells.
Your spell library contained the following spells:

 Spells                   Type           Power      Damage    Failure   Level
 Slow                     Hex            0%         N/A       83%         1
 Confusing Touch          Hex            0%         N/A       99%         3
 Vampiric Draining        Necr           0%         2d6       99%         3
 Volatile Blastmotes      Fire/Tloc      0%         2d10      99%         3
 Fulminant Prism          Conj/Hex       0%         3d5       100%        4
 Iskenderun's Mystic Bla  Conj/Tloc      0%         2d3       100%        4
 Lee's Rapid Deconstruct  Erth           0%         3d4*      100%        5


Dungeon Overview and Level Annotations

Branches:
Dungeon (5/15)             Temple (0/1) D:4         Ossuary (1/1)

Altars:
Elyvilon

Shops:
D:1 =


Innate Abilities, Weirdness & Mutations

You have a pair of horns on your head.
You reflexively headbutt those who attack you in melee.


Message History

You slash the wraith!
The wraith is heavily damaged.
The wraith closely misses you. The wraith hits you but does no damage.
You slash the wraith!
The wraith is almost destroyed.
You block the wraith's attack. The wraith hits you.
The wraith drains your vigour!
You feel as though you will be slow longer.
You barely miss the wraith.
The wraith is almost destroyed.
The wraith barely misses you.
You hit the wraith.
You destroy the wraith!
No reachable target in view!
You open the door.
A wight comes into view.
It is wielding a +5 battleaxe of freezing.
The wight hits you with a +5 battleaxe of freezing!
You feel drained. The wight freezes you.
There is an open door, spattered with blood here.
You closely miss the wight. The wight closely misses you. x2
You barely miss the wight. You headbutt the wight.
The wight is lightly damaged.
You feel yourself speed up.
The wight hits you with a +5 battleaxe of freezing!
* * * LOW HITPOINT WARNING * * *
You feel drained.
* * * LOW HITPOINT WARNING * * *
You barely miss the wight. You headbutt the wight.
The wight is moderately damaged.
The wight hits you with a +5 battleaxe of freezing!
* * * LOW HITPOINT WARNING * * *
You feel drained.
* * * LOW HITPOINT WARNING * * *
The wight freezes you.
* * * LOW HITPOINT WARNING * * *
Unknown command.
You slash the wight! Your headbutt misses the wight.
The wight is severely damaged.
The wight hits you with a +5 battleaxe of freezing!
You die...

#################
#...............#
#.@##..###..##'.#
#.#z#..#z#..#.#.# ####### ###
#.###..###..###.# #.....# #z#
#...............#
#.8.8.#####▓###.###.......###.#
'.......'.....'.#z#.......#z#.#
#.8.8.#####▓###.###.......###.#
#.....# #W# #...............#
####### ### #.###..###..###.#


You could see a wight.

Vanquished Creatures
  2 wraiths (Ossuary)
  A wight (Ossuary)
  A jelly (D:4)
  A hound (D:4)
  A sleepcap (D:4)
  3 orc wizards
  4 adders
  A white imp (D:5)
  2 adder zombies (Ossuary)
  A worm (D:2)
  12 orcs
  10 ball pythons
  8 bats
  9 endoplasms
  2 giant cockroaches (D:2)
  9 goblins
  5 hobgoblins
  5 jackals (D:1)
  6 kobolds
  2 quokkas
  A ball python skeleton (Ossuary)
  5 frilled lizards
  2 hobgoblin zombies (Ossuary)
  2 kobold zombies (Ossuary)
  An orc skeleton (Ossuary)
  An orc zombie (Ossuary)
  3 rats
100 creatures vanquished.

Notes
Turn   | Place    | Note
-------+----------+-------------------------------------------
     0 | D:1      | Destapler the Minotaur Fighter began the quest for the Orb.
     0 | D:1      | Reached XP level 1. HP: 19/19 MP: 0/0
    32 | D:1      | Found Noptoag's Jewellery Boutique.
    78 | D:1      | Reached XP level 2. HP: 12/27 MP: 1/1
   413 | D:1      | Reached XP level 3. HP: 33/33 MP: 2/2
   481 | D:1      | Reached skill level 1 in Maces & Flails
  1030 | D:2      | Found a faded altar of an unknown god.
  1038 | D:2      | Prayed at the altar of an unknown god.
  1038 | D:2      | Became a worshipper of Elyvilon the Healer
  1038 | D:2      | Reached * piety under Elyvilon
  1371 | D:3      | Reached XP level 4. HP: 40/41 MP: 3/3
  1493 | D:3      | Reached ** piety under Elyvilon
  2018 | D:4      | Found a staircase to the Ecumenical Temple.
  2216 | D:4      | Reached skill level 1 in Invocations
  2216 | D:4      | Reached XP level 5. HP: 28/47 MP: 4/4
  2295 | D:4      | Reached skill level 1 in Evocations
  2449 | D:4      | Reached *** piety under Elyvilon
  2601 | D:5      | Entered Level 5 of the Dungeon
  2619 | D:5      | Reached XP level 6. HP: 51/55 MP: 6/6
  2733 | D:5      | Reached skill level 5 in Fighting
  2733 | D:5      | Reached skill level 5 in Armour
  2737 | D:5      | Reached skill level 5 in Shields
  2747 | D:5      | Found a sand-covered staircase.
  2757 | Ossuary  | Entered an ossuary
  2853 | Ossuary  | Noticed a flying skull
  2853 | Ossuary  | Noticed a wraith
  2866 | Ossuary  | Noticed a flying skull
  2890 | Ossuary  | Noticed a flying skull
  2898 | Ossuary  | Noticed a flying skull
  2899 | Ossuary  | Noticed a wraith
  2910 | Ossuary  | Elyvilon protects you from harm!
  2911 | Ossuary  | Killed a wraith
  2912 | Ossuary  | Reached XP level 7. HP: 13/61 MP: 7/7
  3061 | Ossuary  | Noticed a flying skull
  3062 | Ossuary  | Noticed a wraith
  3073 | Ossuary  | Killed a wraith
  3091 | Ossuary  | Mangled by a wight

Illustrated notes

Levels and vault maps discovered:
D:1:      lightli_arrival_lavapool, layout_rooms, serial_shops,
          nicolae_square_shop, grunt_decor_cap, chequers_hall_statues_wall_a,
          minmay_gold_behind_fungi
D:2:      layout_loops_ring, shapermc_ecumenical_altar_mp_highgroup,
          wander_ebering_terrifying_dragon_lair
D:3:      minmay_wonky_spiral, layout_loops_ring
D:4:      layout_rooms, temple_pool_b
D:5:      layout_cave_pools, lightli_ossuary_entry_decrepit_ruins,
          minmay_fractal_squares_gapless_5
Ossuary:  ossuary_due_cavern

Skill      XL: |  1  2  3  4  5  6 |
---------------+-------------------+-----
Armour         | 4 5 |  5.5
Shields        | 4 5 |  5.4
Fighting       | 4 5 |  5.4
Maces & Flails | 1 2 3 |  3.4
Invocations    | 1 2 |  2.5
Evocations     | 1 2 |  2.3
Axes           | 3 |  3.4

Action                     |  1- 3 |  4- 6 |  7- 9 || total
---------------------------+-------+-------+-------++-------
  Melee: War axe           |    14 |       |       ||    14
         Headbutt          |     7 |    16 |     3 ||    26
         Whip              |    74 |    69 |       ||   143
         Hand axe          |       |    42 |    14 ||    56
 Invoke: Heal Other        |       |     1 |       ||     1
    Use: Scroll            |     5 |     2 |       ||     7
         Potion            |       |       |     1 ||     1
 Armour: Scale mail        |    39 |    37 |     2 ||    78
  Dodge: Dodged            |    36 |    39 |     7 ||    82
  Block: Buckler           |    25 |    19 |     4 ||    48
